 Dungeon Crawl Stone Soup version 0.28-b1-70-g80dc712255 (webtiles) character file.

Game seed: 12496539868975931217

205 crazypyro the Skirmisher (level 5, 0/57 HPs)
             Began as an Ogre Fighter on Feb 3, 2022.
             Was a Follower of Ru.
             Slain by a scorpion (5 damage)
             ... on level 5 of the Dungeon.
             The game lasted 00:05:22 (4932 turns).

crazypyro the Skirmisher (Ogre Fighter)             Turns: 4932, Time: 00:05:24

Health: 0/57       AC:  4    Str: 22    XL:     5   Next: 83%
Magic:  5/5        EV:  9    Int:  9    God:    Ru [*.....]
Gold:   182        SH:  7    Dex:  8    Spells: 4/4 levels left

rFire   . . .      SeeInvis .   a - +0 flail
rCold   . . .      Faith    .   c - +0 kite shield
rNeg    . . .      Spirit   .   d - +1 animal skin
rPois   .          Reflect  .   (helmet restricted)
rElec   .          Harm     .   (no cloak)
rCorr   .          Rampage  .   (gloves unavailable)
Will    .....                   (boots unavailable)
Stlth   +.........              (no amulet)
HPRegen 0.19/turn               (no ring)
MPRegen 0.09/turn               (no ring)

@: lethally poisoned (0 -> -6)
A: large, unfitting armour, tough skin 1, no fire magic, no necromancy magic, no
transmutations magic
a: Renounce Religion


You were on level 5 of the Dungeon.
You worshipped Ru.
Ru was aware of your devotion.
You visited 1 branch of the dungeon, and saw 5 of its levels.

You collected 182 gold pieces.

Inventory:

Hand Weapons
 a - a +0 flail (weapon)
Armour
 b - a +0 robe
 c - a +0 kite shield (worn)
 d - a +1 animal skin (worn)
Scrolls
 e - a scroll of teleportation
 g - a scroll of magic mapping
 h - a scroll of identify
 j - a scroll of noise
 m - a scroll of immolation {unknown}
 n - a scroll of amnesia {unknown}
Potions
 f - a potion of cancellation {unknown}
 i - 2 potions of brilliance
 k - a potion of heal wounds {unknown}
 l - a potion of degeneration {unknown}
 o - a potion of mutation {unknown}


   Skills:
 + Level 5.3 Fighting
 * Level 3.9 Maces & Flails
 + Level 3.6 Dodging
 - Level 2.7 Shields


You had 4 spell levels left.
You didn't know any spells.
Your spell library contained the following spells:

 Spells                   Type           Power      Damage    Failure   Level
 Blink                    Tloc           0%         N/A       83%         2
 Lesser Beckoning         Tloc           0%         N/A       96%         3
 Iskenderun's Battlesphe  Conj           0%         2d6       100%        5
 Manifold Assault         Tloc           0%         N/A       100%        5
 Iron Shot                Conj/Erth      0%         9d1       100%        6
 Spellforged Servitor     Conj/Summ      0%         N/A       100%        7


Dungeon Overview and Level Annotations

Branches:
Dungeon (5/15)
 Temple: D:4-7

Altars:
Nemelex Xobeh
Ru
Trog

Shops:
D:4 [


Innate Abilities, Weirdness & Mutations

You are too large for most types of armour.
You have tough skin. (AC +1)
You cannot study or cast Fire magic.
You cannot study or cast Necromancy magic.
You cannot study or cast Transmutations magic.


Message History

The scorpion closely misses you.
You hit the scorpion.
The scorpion is moderately wounded.
You feel sick. The scorpion stings you. The scorpion barely misses you.
You barely miss the scorpion.
The scorpion is moderately wounded.
You feel sick. The scorpion stings you.
You are more poisoned.
The scorpion poisons you! You block the scorpion's attack.
You barely miss the scorpion.
The scorpion is moderately wounded.
You feel very sick. The scorpion stings you.
You barely miss the scorpion.
The scorpion is moderately wounded.
You feel very sick. The scorpion completely misses you.
The scorpion stings you.
You barely miss the scorpion.
The scorpion is moderately wounded.
You feel sick. The scorpion stings you.
You are more poisoned.
The scorpion poisons you!
You barely miss the scorpion.
The scorpion is moderately wounded.
* * * LOW HITPOINT WARNING * * *
You feel very sick. The scorpion closely misses you. The scorpion stings you.
* * * LOW HITPOINT WARNING * * *
You hit the scorpion.
The scorpion is moderately wounded.
* * * LOW HITPOINT WARNING * * *
You feel very sick. The scorpion barely misses you.
You closely miss the scorpion.
The scorpion is moderately wounded.
* * * LOW HITPOINT WARNING * * *
You feel sick.
The scorpion stings you but does no damage.
The scorpion stings you.
You die...

.. ##.....<
...............#s.#......
>..............##.#.#...
.......#........#...#..#
................##..#..#
................#......#
.Z..........[...#.##..## #
...#..).#......#...?..#...#
##.#...<)......@s........$.
##........###.#.............
...#......###.........|.....
........#...................
#...###.....................
##.....#.#............#....#
.........#.........#....####
._.###...#............###
... #..#.##.##....#....#


You could see a scorpion.

Vanquished Creatures
  A gnoll shaman (D:4)
  A hound zombie (D:4)
  Robin (D:4)
  2 gnolls (D:5)
  3 adders
  2 adder zombies (D:4)
  An adder skeleton (D:4)
  2 worms
  3 dart slugs
  4 orcs (D:3)
  5 ball pythons
  4 endoplasms
  A giant cockroach (D:2)
  14 goblins
  12 hobgoblins
  3 jackals (D:4)
  A quokka (D:4)
  3 bats
  6 frilled lizards
  7 kobolds
  2 rats
78 creatures vanquished.

Vanquished Creatures (others)
  An orc (D:4)
1 creature vanquished.

Grand Total: 79 creatures vanquished

Notes
Turn   | Place    | Note
-------+----------+-------------------------------------------
     0 | D:1      | crazypyro the Ogre Fighter began the quest for the Orb.
     0 | D:1      | Reached XP level 1. HP: 24/24 MP: 1/1
   133 | D:1      | You fall into a shaft and drop 1 floor!
   519 | D:1      | Reached XP level 2. HP: 25/32 MP: 2/2
  1006 | D:2      | Found a sparkling altar of Nemelex Xobeh.
  1146 | D:2      | Reached XP level 3. HP: 24/40 MP: 3/3
  2045 | D:3      | Found a faded altar of an unknown god.
  2232 | D:3      | Prayed at the altar of an unknown god.
  2232 | D:3      | Became a worshipper of Ru the Awakened
  2247 | D:3      | Gained mutation: You cannot study or cast Fire magic. [Ru
                  | sacrifice]
  2247 | D:3      | Gained mutation: You cannot study or cast Transmutations
                  | magic. [Ru sacrifice]
  2247 | D:3      | Gained mutation: You cannot study or cast Necromancy magic.
                  | [Ru sacrifice]
  2247 | D:3      | Reached * piety under Ru
  2498 | D:3      | Reached XP level 4. HP: 43/49 MP: 4/4
  3239 | D:4      | Noticed Robin
  3695 | D:4      | Killed Robin
  3696 | D:4      | Reached XP level 5. HP: 27/55 MP: 5/5
  3700 | D:3      | Reached skill level 5 in Fighting
  4006 | D:4      | Found Aqed's Armour Shop.
  4034 | D:5      | Entered Level 5 of the Dungeon
  4706 | D:5      | Found a bloodstained altar of Trog.
  4932 | D:5      | Slain by a scorpion

Illustrated notes

Levels and vault maps discovered:
D:1:      sevenhm_arrival_forest_fort_large_2, layout_basic
D:2:      layout_loops_ring, basic_altar, due_unseen_surprise
D:3:      layout_basic, hellmonk_ecumenical_altar_heavens_door
D:4:      layout_cave_pools, serial_undead, serial_undead_d, serial_undead_a,
          serial_undead_b, serial_undead_e, serial_shops, nicolae_diamond_shop,
          kennysheep_generic_room_2, uniq_robin
D:5:      layout_rooms, trog_three_pillars_becter, lemuel_crystal_altar,
          minmay_temple_entry_glass

Skill      XL: |  1  2  3  4  5 |
---------------+----------------+-----
Maces & Flails | 2 3 |  3.9
Dodging        | 3 |  3.6
Fighting       | 5 |  5.3
Shields        | |  2.7

Action                   |  1- 3 |  4- 6 || total
-------------------------+-------+-------++-------
Melee: Flail             |    98 |   175 ||   273
Invok: Sacrifice Arcana  |     1 |       ||     1
  Use: Scroll            |     5 |       ||     5
       Potion            |       |     1 ||     1
 Stab: Sleeping          |     1 |       ||     1
Armor: Robe              |    29 |    43 ||    72
       Animal skin       |       |     9 ||     9
Dodge: Dodged            |    30 |    96 ||   126
Block: Kite shield       |    39 |   111 ||   150
